 Dungeon Crawl Stone Soup version 0.25.1-3-ge44b62a0b3 (webtiles) character file.

Game seed: 11023949303490563421

527 DungeonDestroyer the Shield-Bearer (level 7, 0/60 HPs)
             Began as a Gnoll Fighter on Nov 20, 2020.
             Slain by an iguana (10 damage)
             ... on level 4 of the Dungeon.
             The game lasted 00:05:59 (3389 turns).

DungeonDestroyer the Shield-Bearer (Gnoll Fighter)  Turns: 3389, Time: 00:06:00

Health: 0/60       AC:  7    Str: 20    XL:     7   Next: 23%
Magic:  10/10      EV:  9    Int: 10    God:
Gold:   120        SH: 16    Dex: 15    Spells: 10/10 levels left

rFire    + . .     SeeInvis .   a - +1 war axe
rCold    . . .     Gourm    .   c - +0 kite shield
rNeg     . . .     Faith    .   b - +0 scale mail
rPois    .         Spirit   .   (no helmet)
rElec    .         Reflect  +   i - +0 cloak {rCorr}
rCorr    +         Harm     .   (no gloves)
MR       +....                  l - +0 pair of boots
Stlth    +.........             k - amulet of reflection
HPRegen  0.20/turn              n - ring of protection from fire
MPRegen  0.12/turn              r - ring of protection from magic

@: no status effects
A: distributed training, fangs 1, deformed body, sense surroundings 1, strong
nose
a: no special abilities


You were on level 4 of the Dungeon.
You were not hungry.

You visited 1 branch of the dungeon, and saw 4 of its levels.

You collected 120 gold pieces.

Inventory:

Hand Weapons
 a - a +1 war axe (weapon)
Missiles
 e - 90 stones (quivered)
 h - 17 sling bullets
 q - 21 bolts
 s - 63 arrows
 w - 7 boomerangs
 x - 17 poisoned darts
Armour
 b - a +0 scale mail (worn)
 c - a +0 kite shield (worn)
 i - a +0 cloak of preservation (worn)
 l - a +0 pair of boots (worn)
Jewellery
 k - an amulet of reflection (around neck)
 n - a ring of protection from fire (left hand)
 r - a ring of protection from magic (right hand)
Wands
 m - a wand of iceblast (10)
 o - a wand of disintegration (3)
Scrolls
 j - 2 scrolls of identify
 t - a scroll of remove curse
 v - a scroll of enchant armour {unknown}
 y - a scroll of enchant weapon
 C - a scroll of fog {unknown}
Potions
 d - 2 potions of might
 g - a potion of heal wounds
 u - a potion of cancellation
 z - a potion of resistance
 A - a potion of magic
 B - a potion of haste
Comestibles
 f - 3 rations
 p - a chunk of flesh


   Skills:
 + Level 7.0 Fighting
 + Level 2.3 Short Blades
 + Level 2.3 Long Blades
 + Level 5.1 Axes
 + Level 2.3 Maces & Flails
 + Level 2.3 Polearms
 + Level 2.3 Staves
 + Level 2.3 Slings
 + Level 2.3 Bows
 + Level 2.3 Crossbows
 + Level 2.3 Throwing
 + Level 7.0 Armour
 + Level 2.3 Dodging
 + Level 2.3 Stealth
 + Level 7.0 Shields
 + Level 2.3 Unarmed Combat
 + Level 2.3 Spellcasting
 + Level 1.8 Conjurations
 + Level 1.8 Hexes
 + Level 1.8 Charms
 + Level 1.8 Summonings
 + Level 1.8 Necromancy
 + Level 1.8 Translocations
 + Level 1.8 Transmutations
 + Level 1.8 Fire Magic
 + Level 1.8 Ice Magic
 + Level 1.8 Air Magic
 + Level 1.8 Earth Magic
 + Level 1.8 Poison Magic
 + Level 2.5 Invocations
 + Level 2.3 Evocations


You had 10 spell levels left.
You didn't know any spells.
Your spell library was empty.

Dungeon Overview and Level Annotations

Branches:
Dungeon (4/15)
 Temple: D:4-7

Altars:
Sif Muna


Innate Abilities, Weirdness & Mutations

Your experience applies equally to all skills.
You have very sharp teeth.
Your uncanny sense of smell can sniff out nearby items.
Armour fits poorly on your strangely shaped body.
You passively map a small area around you.


Message History

You closely miss the iguana. The iguana bites you.
* * * LOW HITPOINT WARNING * * *
The iguana completely misses you. You block the iguana's attack.
Things that are here:
a +0 short sword; an orc corpse x2
Unknown command.
You barely miss the iguana.
The iguana is moderately wounded.
You block the iguana's attack.
You slash the iguana!
The iguana is almost dead.
You block the iguana's attack.
You hit the iguana but do no damage.
The iguana is almost dead.
You block the iguana's attack. x2
You hit the iguana but do no damage.
The iguana is almost dead.
The iguana bites you!
You die...

, #........ , #.?...... ,
∆ # #$?...... , #..
#..%....., , #.#*
#........ ##..###......,
.........?# ####
...!...)..# * ######...
.......)@l#, , .........
..........#.###*######...
..........#.#..∆,........
,..........#.#.#######....
..........#.#...#...#....
..........#.#.......#....
#######.###.#............
#.###.#.#####.###.# *
#.........# #.###.#


You could see an iguana.

Vanquished Creatures
  Sigmund (D:3)
  An orc priest (D:4)
  A bullfrog skeleton (D:4)
  Crazy Yiuf (D:3)
  Ijyb (D:3)
  Jessica (D:2)
  Natasha (D:4)
  5 gnolls
  6 adders
  3 worms
  A dart slug (D:3)
  2 leopard geckos (D:2)
  8 orcs
  6 giant cockroaches
  13 hobgoblins
  2 jackals (D:2)
  A quokka (D:2)
  A ball python (D:4)
  10 bats
  3 frilled lizards
  13 goblins
  7 kobolds
  6 rats
94 creatures vanquished.

Notes
Turn   | Place    | Note
-------+----------+-------------------------------------------
     0 | D:1      | DungeonDestroyer the Gnoll Fighter began the quest for the
                  | Orb.
     0 | D:1      | Reached XP level 1. HP: 23/23 MP: 1/1
    79 | D:1      | Reached XP level 2. HP: 18/29 MP: 2/2
   750 | D:1      | Reached XP level 3. HP: 35/35 MP: 3/3
  1073 | D:2      | Reached skill level 1 in Invocations
  1215 | D:2      | Reached skill level 1 in Short Blades
  1215 | D:2      | Reached skill level 1 in Long Blades
  1215 | D:2      | Reached skill level 1 in Maces & Flails
  1215 | D:2      | Reached skill level 1 in Polearms
  1215 | D:2      | Reached skill level 1 in Staves
  1215 | D:2      | Reached skill level 1 in Slings
  1215 | D:2      | Reached skill level 1 in Bows
  1215 | D:2      | Reached skill level 1 in Crossbows
  1215 | D:2      | Reached skill level 1 in Throwing
  1215 | D:2      | Reached skill level 1 in Dodging
  1215 | D:2      | Reached skill level 1 in Stealth
  1215 | D:2      | Reached skill level 1 in Unarmed Combat
  1215 | D:2      | Reached skill level 1 in Spellcasting
  1215 | D:2      | Reached skill level 1 in Evocations
  1318 | D:2      | Reached XP level 4. HP: 41/41 MP: 5/5
  1534 | D:2      | Noticed Jessica
  1542 | D:2      | Killed Jessica
  1542 | D:2      | Reached skill level 1 in Conjurations
  1542 | D:2      | Reached skill level 1 in Hexes
  1542 | D:2      | Reached skill level 1 in Charms
  1542 | D:2      | Reached skill level 1 in Summonings
  1542 | D:2      | Reached skill level 1 in Necromancy
  1542 | D:2      | Reached skill level 1 in Translocations
  1542 | D:2      | Reached skill level 1 in Transmutations
  1542 | D:2      | Reached skill level 1 in Fire Magic
  1542 | D:2      | Reached skill level 1 in Ice Magic
  1542 | D:2      | Reached skill level 1 in Air Magic
  1542 | D:2      | Reached skill level 1 in Earth Magic
  1542 | D:2      | Reached skill level 1 in Poison Magic
  1738 | D:2      | Found a shimmering blue altar of Sif Muna.
  2085 | D:3      | Reached XP level 5. HP: 47/47 MP: 6/6
  2130 | D:3      | Noticed Ijyb
  2153 | D:3      | Killed Ijyb
  2685 | D:3      | Reached XP level 6. HP: 51/53 MP: 8/8
  2741 | D:3      | Noticed Sigmund
  2748 | D:3      | Killed Sigmund
  2748 | D:3      | Reached skill level 5 in Axes
  2910 | D:3      | Found a runed translucent door.
  2911 | D:3      | Noticed Crazy Yiuf
  3154 | D:3      | Killed Crazy Yiuf
  3170 | D:3      | Gained mutation: Armour fits poorly on your strangely
                  | shaped body. [potion of mutation]
  3170 | D:3      | Gained mutation: You passively map a small area around you.
                  | [potion of mutation]
  3305 | D:4      | Reached XP level 7. HP: 52/59 MP: 10/10
  3362 | D:4      | Noticed Natasha
  3370 | D:4      | Killed Natasha
  3389 | D:4      | Slain by an iguana

Illustrated notes

Levels and vault maps discovered:
D:1:      minmay_arrival_three_doors, layout_basic, hex_intersection
D:2:      layout_loops_corners, led_sif_pool, uniq_jessica
D:3:      layout_loops_ring, minmay_fractal_squares_5, uniq_ijyb, uniq_sigmund,
          uniq_crazy_yiuf_cottage
D:4:      layout_basic, serial_shops, nicolae_shop_stone,
          ebering_ghost_reflecting_pool, minivault_24, uniq_natasha

Skill      XL: |  1  2  3  4  5  6  7 |
---------------+----------------------+-----
Invocations    | 1 2 |  2.5
Short Blades   | 1 2 |  2.3
Long Blades    | 1 2 |  2.3
Maces & Flails | 1 2 |  2.3
Polearms       | 1 2 |  2.3
Staves         | 1 2 |  2.3
Slings         | 1 2 |  2.3
Bows           | 1 2 |  2.3
Crossbows      | 1 2 |  2.3
Throwing       | 1 2 |  2.3
Dodging        | 1 2 |  2.3
Stealth        | 1 2 |  2.3
Unarmed Combat | 1 2 |  2.3
Spellcasting   | 1 2 |  2.3
Evocations     | 1 2 |  2.3
Conjurations   | 1 |  1.8
Hexes          | 1 |  1.8
Charms         | 1 |  1.8
Summonings     | 1 |  1.8
Necromancy     | 1 |  1.8
Translocations | 1 |  1.8
Transmutations | 1 |  1.8
Fire Magic     | 1 |  1.8
Ice Magic      | 1 |  1.8
Air Magic      | 1 |  1.8
Earth Magic    | 1 |  1.8
Poison Magic   | 1 |  1.8
Axes           | 5 |  5.1
Fighting       | 7 |  7.0
Armour         | 7 |  7.0
Shields        | 7 |  7.0

Action                   |  1- 3 |  4- 6 |  7- 9 || total
-------------------------+-------+-------+-------++-------
Melee: War axe           |    74 |   186 |    23 ||   283
       Bite              |     4 |    22 |     2 ||    28
  Use: Scroll            |     3 |     3 |       ||     6
       Potion            |     3 |     6 |       ||     9
  Eat: Chunk             |     1 |     7 |       ||     8
Armor: Scale mail        |    22 |    54 |     6 ||    82
Dodge: Dodged            |    14 |    48 |    11 ||    73
Block: Kite shield       |    58 |   163 |    33 ||   254
       Reflection        |     1 |     6 |       ||     7
